 Dungeon Crawl Stone Soup version 0.26-a0-466-g989023bd0d (webtiles) character file.

Game seed: 17389762856211013409

64768 Gargoyl the Fighter (level 15, -10/119 HPs)
             Began as a Gnoll Abyssal Knight on July 28, 2020.
             Was the Champion of Lugonu.
             Killed by divine providence
             ... invoked by a meliai
              (13 damage)
             ... on level 13 of the Dungeon on July 29, 2020.
             The game lasted 00:40:51 (26319 turns).

Gargoyl the Fighter (Gnoll Abyssal Knight)         Turns: 26319, Time: 00:40:51

Health: -10/119    AC: 21    Str: 18    XL:     15   Next: 14%
Magic:  28/28      EV: 13    Int: 15    God:    Lugonu [******]
Gold:   1922       SH:  8    Dex: 17    Spells: 32/33 levels left

rFire    + + .     SeeInvis .   a - +9 hand axe (vamp)
rCold    + + .     Faith    .   y - +1 buckler
rNeg     + . .     Spirit   .   j - +0 chain mail of the Thistle {+Fly rElec rC++ rN+} (curse)
rPois    .         Reflect  .   (helmet restricted)
rElec    +         Harm     .   G - +1 cloak
rCorr    .         Rnd*Rage +   c - +2 pair of gloves
MR       +....                  g - +2 pair of boots
Stlth    +.........             (no amulet)
HPRegen  0.29/turn              d - ring of protection from fire
MPRegen  0.21/turn              q - ring of protection from fire

@: no status effects
A: distributed training, fangs 1, horns 1, berserk 1, strong nose
a: Depart the Abyss, Bend Space, Banish, Corrupt, Enter the Abyss, Brand Weapon
With Distortion, Renounce Religion, Evoke Flight


You were on level 13 of the Dungeon.
You worshipped Lugonu.
Lugonu was exalted by your worship.
You visited 2 branches of the dungeon, and saw 19 of its levels.
You visited the Abyss 1 time.
You also visited: Ossuary and Bailey.

You collected 2055 gold pieces.
You spent 133 gold pieces at shops.

Inventory:

Hand Weapons
 a - a +9 vampiric hand axe (weapon)
 w - a +1 vorpal war axe
 M - the +9 battleaxe "Killer Klown's Bane" {holy, rElec rN+ Int+4}
   (You acquired it on level 4 of the Lair of Beasts)

   It has been blessed by the Shining One to cause great damage to the undead
   and demons.
   It affects your intelligence (+4).
   It insulates you from electricity.
   It protects you from negative energy.
Missiles
 r - 25 boomerangs
 E - 3 javelins (quivered)
Armour
 c - a +2 pair of gloves (worn)
 g - a +2 pair of boots (worn)
 j - the cursed +0 chain mail of the Thistle (worn) {+Fly rElec rC++ rN+}
   (You found it on level 12 of the Dungeon)

   It greatly protects you from cold.
   It insulates you from electricity.
   It protects you from negative energy.
   It lets you fly.
   It has a curse placed upon it.
 y - a +1 buckler (worn)
 G - a +1 cloak (worn)
Jewellery
 d - a ring of protection from fire (left hand)
 m - an uncursed ring of flight
 q - a ring of protection from fire (right hand)
 F - an uncursed ring of see invisible
Wands
 l - a wand of disintegration (9)
 n - a wand of acid (22)
 u - a wand of enslavement (15)
 z - a wand of iceblast (21)
 C - a wand of polymorph (4)
 H - a wand of clouds (6)
 N - a wand of random effects (16)
 P - a wand of flame (24)
Scrolls
 b - 9 scrolls of identify
 e - 15 scrolls of teleportation
 i - 15 scrolls of remove curse
 A - a scroll of brand weapon
 D - 2 scrolls of fog
 J - a scroll of magic mapping
 L - 7 scrolls of fear
Potions
 f - 2 potions of flight
 h - 5 potions of curing
 o - a potion of ambrosia
 p - 3 potions of haste
 s - a potion of invisibility
 v - 4 potions of resistance
 B - 2 potions of brilliance
 I - 3 potions of stabbing
 K - 2 potions of might
Miscellaneous
 x - a lightning rod (4/4)


   Skills:
 + Level 11.6 Fighting
 + Level 9.8 Short Blades
 + Level 9.8 Long Blades
 + Level 10.8 Axes
 + Level 9.8 Maces & Flails
 + Level 9.8 Polearms
 + Level 9.8 Staves
 + Level 9.8 Slings
 + Level 9.8 Bows
 + Level 9.8 Crossbows
 + Level 9.8 Throwing
 + Level 10.8 Armour
 + Level 10.1 Dodging
 + Level 9.8 Stealth
 + Level 9.8 Shields
 + Level 9.8 Unarmed Combat
 + Level 9.8 Spellcasting
 + Level 8.2 Conjurations
 + Level 8.2 Hexes
 + Level 8.2 Summonings
 + Level 8.2 Necromancy
 + Level 8.2 Translocations
 + Level 8.2 Transmutations
 + Level 8.2 Fire Magic
 + Level 8.2 Ice Magic
 + Level 8.2 Air Magic
 + Level 8.2 Earth Magic
 + Level 8.2 Poison Magic
 + Level 11.5 Invocations
 + Level 9.8 Evocations


You had 32 spell levels left.
You knew the following spells:

 Your Spells              Type           Power        Failure   Level
a - Animate Skeleton      Necr           ####..       2%          1

Your spell library contained the following spells:

 Spells                   Type           Power        Failure   Level
 Beastly Appendage        Tmut           ####..       2%          1
 Freeze                   Ice            ####         2%          1
 Magic Dart               Conj           ####         2%          1
 Pain                     Necr           ####         2%          1
 Shock                    Conj/Air       ####         2%          1
 Blink                    Tloc           N/A          4%          2
 Call Imp                 Summ           ####....     4%          2
 Ensorcelled Hibernation  Hex/Ice        ####..       4%          2
 Searing Ray              Conj           ####..       4%          2
 Slow                     Hex            ####....     4%          2
 Swiftness                Air            ####....     4%          2
 Wereblood                Tmut           ####....     4%          2
 Confusing Touch          Hex            ####....     9%          3
 Conjure Flame            Conj/Fire      ####....     9%          3
 Dazzling Flash           Conj/Hex       ####..       9%          3
 Frozen Ramparts          Ice            ####..       9%          3
 Gell's Gravitas          Tloc           ####......   9%          3
 Lesser Beckoning         Tloc           ####......   9%          3
 Mephitic Cloud           Conj/Pois/Air  ####....     9%          3
 Ozocubu's Armour         Ice            ####....     9%          3
 Spider Form              Tmut/Pois      ####......   9%          3
 Static Discharge         Conj/Air       ####....     9%          3
 Vampiric Draining        Necr           ####......   9%          3
 Airstrike                Air            ####......   26%         4
 Animate Dead             Necr           ####......   26%         4
 Cause Fear               Hex            ####......   26%         4
 Fulminant Prism          Conj/Hex       ####......   26%         4
 Hailstorm                Conj/Ice       ####....     26%         4
 Ice Form                 Ice/Tmut       ####....     26%         4
 Iskenderun's Mystic Bla  Conj/Tloc      ####....     26%         4
 Petrify                  Tmut/Erth      ####....     26%         4
 Summon Ice Beast         Ice/Summ       ####....     26%         4
 Agony                    Necr           ####....     58%         5
 Blade Hands              Tmut           ####......   58%         5
 Borgnjor's Vile Clutch   Necr/Erth      ####......   58%         5
 Lightning Bolt           Conj/Air       ####......   58%         5
 Metabolic Englaciation   Hex/Ice        ####......   58%         5
 Silence                  Hex/Air        ####......   58%         5
 Yara's Violent Unravell  Hex/Tmut       ####......   58%         5
 Shadow Creatures         Summ           N/A          99%         6
 Starburst                Conj/Fire      ####......   99%         6
 Discord                  Hex            ####......   100%        8


Dungeon Overview and Level Annotations

Branches:
Dungeon (13/15)            Temple (0/1) D:6            Lair (6/6) D:10
 Shoals (0/4) Lair:4       Spider (0/4) Lair:3        Slime (0/5) Lair:5
    Orc (0/2) D:12        Ossuary (visited)          Bailey (visited)
 Vaults: D:13-14

Altars:
Qazlal
Beogh

Shops:
D:5 (   D:12 [   D:13 *

Annotations:
D:6 2 transporters
Abyss:1 Prince Ribbit


Innate Abilities, Weirdness & Mutations

Your experience applies equally to all skills.
You have very sharp teeth.
Your uncanny sense of smell can sniff out nearby items.
You have a pair of small horns on your head.
You tend to lose your temper in combat.


Message History

* * * LOW HITPOINT WARNING * * *
Lugonu accepts your kill.
The fiery explosion engulfs you but does no damage.
You resist. Lugonu accepts your kill.
You hit the meliai but do no damage.
You are engulfed in blazing flames.
You resist.
* * * LOW HITPOINT WARNING * * *
x2 You feel sick.
You hear a shout! x5; You hear a roar!
The meliai is engulfed in blazing flames.
Flame seeps out of the meliai.
The meliai invokes the aid of its god against you.
Something smites you!
* * * LOW HITPOINT WARNING * * *
You feel better.
You are engulfed in blazing flames.
You resist.
* * * LOW HITPOINT WARNING * * *
The meliai mumbles some strange prayers to its god against you.
Something smites you!
You die...

...............
..............##
...............#.
..................
...................
.....§§§§...........
..........§°§§............
..........§§@§.............
...........y...............
.............C.............
....................#......
.<..............(..###.....
.................(..#......
.......<......(.....≈≈≈....
.............(.(..(≈≈≈≈≈...
#....................∩≈≈...


You could see a cyclops (inner flame) and a meliai (inner flame).

Vanquished Creatures
  A fire dragon (Lair:6)
  A hydra (Lair:1)
  Harold (D:8)
  A centaur warrior (D:12)
  Erica (D:11)
  A two-headed ogre (D:11)
  An ogre mage (D:12)
  A swamp dragon (Lair:6)
  Pikel (D:4)
  3 ugly things
  2 cyclopes
  An oklob plant (Lair:6)
  30 elephants
  A black mamba (Lair:6)
  Psyche (D:10)
  2 kobold demonologists (D:12)
  2 torpor snails (Lair:3)
  14 cane toads
  2 rime drakes (Lair:2)
  A demonic crawler (Lair:4)
  13 komodo dragons
  2 polar bears
  A merfolk (D:9)
  5 jumping spiders (Lair:3)
  2 meliai (D:13)
  A troll (D:10)
  9 hippogriffs
  30 blink frogs
  7 dream sheep
  4 redbacks (Lair:3)
  2 wraiths
  A wyvern (Lair:6)
  31 yaks
  2 steam dragons
  3 basilisks
  2 swamp worms (Lair:4)
  Edmund (D:4)
  An acid dragon (Lair:6)
  15 water moccasins
  2 swamp drakes (Lair:6)
  10 porcupines
  An ice beast (D:9)
  6 black bears
  9 orc warriors
  2 sky beasts
  2 phantoms
  6 wolves
  8 ogres
  A necrophage (D:10)
  5 centaurs
  17 crocodiles
  A lemure (D:4)
  2 big kobolds
  22 bullfrogs
  2 wyvern skeletons
  5 scorpions
  8 killer bees
  17 wights
  4 howler monkeys
  7 jellies
  5 hounds
  A centaur skeleton (D:11)
  11 orc priests
  2 bullfrog skeletons
  A gnoll shaman (D:8)
  5 iguanas
  Natasha (D:2)
  11 orc wizards
  11 worker ants
  A big kobold zombie (Ossuary)
  A hound zombie (D:7)
  A hound skeleton (D:6)
  3 mummies (Ossuary)
  A worker ant zombie (D:7)
  2 howler monkey zombies
  13 gnolls
  A howler monkey skeleton (D:7)
  11 adders
  3 river rats (D:3)
  2 shadow imps (D:10)
  2 white imps
  An ufetubus (D:5)
  4 oozes
  An adder zombie (D:8)
  A worm (D:2)
  3 dart slugs
  9 leopard geckos
  67 orcs
  2 ball pythons
  6 giant cockroaches
  3 goblins
  6 hobgoblins
  13 jackals
  18 kobolds
  4 quokkas
  6 bats
  3 frilled lizards
  2 gnoll zombies (Ossuary)
  2 goblin zombies (Ossuary)
  4 hobgoblin zombies (Ossuary)
  A kobold zombie (Ossuary)
  A leopard gecko zombie (D:7)
  10 rats
  10 fungi
  2 plants
605 creatures vanquished.

Vanquished Creatures (collateral kills)
  A gargoyle (D:11)
  A yak (D:11)
  An ogre (D:11)
  A leopard gecko (D:7)
4 creatures vanquished.

Vanquished Creatures (others)
  3 hydras
  2 two-headed ogres
  An oklob plant (Lair:3)
  A gargoyle (D:10)
  A cane toad (Lair:1)
  3 komodo dragons
  A vampire (D:8)
  A steam dragon (Lair:6)
  2 acid dragons (Lair:6)
  An ice beast (D:7)
  An iguana (Lair:6)
  An orc (Bailey)
  2 jackals (D:2)
  27 fungi
  21 plants
68 creatures vanquished.

Grand Total: 677 creatures vanquished

Notes
Turn   | Place    | Note
-------+----------+-------------------------------------------
     0 | Abyss:1  | Gargoyl the Gnoll Abyssal Knight began the quest for the
                  | Orb.
     0 | Abyss:1  | Reached XP level 1. HP: 23/23 MP: 3/3
    44 | Abyss:1  | Noticed a neqoxec
    47 | Abyss:1  | Found an opulent altar of Gozag.
    49 | Abyss:1  | Noticed an iron imp
    49 | Abyss:1  | Noticed an iron imp
    53 | Abyss:1  | Gained mutation: You tend to lose your temper in combat. [a
                  | neqoxec]
   125 | Abyss:1  | Noticed a great orb of eyes
   167 | Abyss:1  | Noticed a smoke demon
   258 | Abyss:2  | Noticed a worldbinder
   265 | Abyss:2  | Noticed a tentacled starspawn
   268 | D:1      | Escaped the Abyss
   342 | D:1      | Reached XP level 2. HP: 24/29 MP: 5/5
   419 | D:1      | Reached * piety under Lugonu
   539 | D:1      | Reached XP level 3. HP: 35/35 MP: 6/6
  1016 | D:2      | Noticed Natasha
  1023 | D:2      | Killed Natasha
  1023 | D:2      | Reached skill level 1 in Short Blades
  1023 | D:2      | Reached skill level 1 in Long Blades
  1023 | D:2      | Reached skill level 1 in Maces & Flails
  1023 | D:2      | Reached skill level 1 in Polearms
  1023 | D:2      | Reached skill level 1 in Staves
  1023 | D:2      | Reached skill level 1 in Slings
  1023 | D:2      | Reached skill level 1 in Bows
  1023 | D:2      | Reached skill level 1 in Crossbows
  1023 | D:2      | Reached skill level 1 in Throwing
  1023 | D:2      | Reached skill level 1 in Stealth
  1023 | D:2      | Reached skill level 1 in Shields
  1023 | D:2      | Reached skill level 1 in Unarmed Combat
  1023 | D:2      | Reached skill level 1 in Spellcasting
  1023 | D:2      | Reached skill level 1 in Evocations
  1023 | D:2      | Reached XP level 4. HP: 41/41 MP: 7/7
  1308 | D:2      | Noticed a phantom
  1373 | D:2      | Killed a phantom
  1373 | D:2      | Reached skill level 1 in Conjurations
  1373 | D:2      | Reached skill level 1 in Hexes
  1373 | D:2      | Reached skill level 1 in Summonings
  1373 | D:2      | Reached skill level 1 in Necromancy
  1373 | D:2      | Reached skill level 1 in Translocations
  1373 | D:2      | Reached skill level 1 in Transmutations
  1373 | D:2      | Reached skill level 1 in Fire Magic
  1373 | D:2      | Reached skill level 1 in Ice Magic
  1373 | D:2      | Reached skill level 1 in Air Magic
  1373 | D:2      | Reached skill level 1 in Earth Magic
  1373 | D:2      | Reached skill level 1 in Poison Magic
  1373 | D:2      | Reached XP level 5. HP: 29/47 MP: 8/8
  1485 | D:2      | Reached ** piety under Lugonu
  2658 | D:3      | Reached skill level 5 in Invocations
  2699 | D:3      | Reached XP level 6. HP: 53/53 MP: 9/9
  2973 | D:3      | Reached skill level 5 in Axes
  2973 | D:3      | Reached skill level 5 in Armour
  3175 | D:3      | Reached *** piety under Lugonu
  3905 | D:4      | Reached XP level 7. HP: 48/59 MP: 10/10
  4232 | D:4      | Noticed Pikel
  4266 | D:4      | Killed Pikel
  4266 | D:4      | Reached XP level 8. HP: 67/67 MP: 10/12
  4600 | D:5      | Entered Level 5 of the Dungeon
  4621 | D:5      | Found Geyph's Antique Weapon Boutique.
  4650 | D:5      | Bought a glowing broad axe for 133 gold pieces
  4656 | D:5      | Noticed Edmund
  4694 | D:4      | Killed Edmund
  4885 | D:5      | Noticed Prince Ribbit
  4890 | D:5      | Banished Prince Ribbit
  5962 | D:6      | Reached XP level 9. HP: 61/72 MP: 14/14
  6015 | D:6      | Found a transporter.
  6018 | D:6      | Noticed a kobold demonologist
  6024 | D:6      | Found a transporter.
  6069 | D:6      | Found a staircase to the Ecumenical Temple.
  6107 | D:6      | Found a sand-covered staircase.
  6169 | Ossuary  | Entered an ossuary
  6294 | Ossuary  | Reached **** piety under Lugonu
  6750 | D:6      | Noticed a kobold demonologist
  6997 | D:6      | Learned a level 1 spell: Animate Skeleton
  7116 | D:7      | Reached skill level 5 in Dodging
  7485 | D:7      | Noticed a red ugly thing
  7511 | D:7      | Killed a red ugly thing
  8489 | D:8      | Reached XP level 10. HP: 76/80 MP: 17/17
  8556 | D:8      | Gained mutation: You are frail. (-10% HP) [mutagenic glow]
  8725 | D:8      | Reached skill level 5 in Short Blades
  8725 | D:8      | Reached skill level 5 in Long Blades
  8725 | D:8      | Reached skill level 5 in Maces & Flails
  8725 | D:8      | Reached skill level 5 in Polearms
  8725 | D:8      | Reached skill level 5 in Staves
  8725 | D:8      | Reached skill level 5 in Slings
  8725 | D:8      | Reached skill level 5 in Bows
  8725 | D:8      | Reached skill level 5 in Crossbows
  8725 | D:8      | Reached skill level 5 in Throwing
  8725 | D:8      | Reached skill level 5 in Stealth
  8725 | D:8      | Reached skill level 5 in Shields
  8725 | D:8      | Reached skill level 5 in Unarmed Combat
  8725 | D:8      | Reached skill level 5 in Spellcasting
  8725 | D:8      | Reached skill level 5 in Evocations
  8886 | D:8      | Noticed a two-headed ogre
  8901 | D:8      | Banished a two-headed ogre
 10447 | D:9      | Noticed a two-headed ogre
 10463 | D:9      | HP: 1/73 [two-headed ogre/+0 giant club (7)]
 10466 | D:9      | Banished a two-headed ogre
 10466 | D:9      | Reached XP level 11. HP: 26/78 MP: 19/19
 10857 | D:9      | Noticed Harold
 11086 | D:8      | Killed Harold
 11086 | D:8      | Reached skill level 5 in Conjurations
 11086 | D:8      | Reached skill level 5 in Hexes
 11086 | D:8      | Reached skill level 5 in Summonings
 11086 | D:8      | Reached skill level 5 in Necromancy
 11086 | D:8      | Reached skill level 5 in Translocations
 11086 | D:8      | Reached skill level 5 in Transmutations
 11086 | D:8      | Reached skill level 5 in Fire Magic
 11086 | D:8      | Reached skill level 5 in Ice Magic
 11086 | D:8      | Reached skill level 5 in Air Magic
 11086 | D:8      | Reached skill level 5 in Earth Magic
 11086 | D:8      | Reached skill level 5 in Poison Magic
 11558 | D:9      | Reached ***** piety under Lugonu
 11966 | D:10     | Entered Level 10 of the Dungeon
 12181 | D:10     | Found a staircase to the Lair.
 12841 | D:10     | Noticed Psyche
 12857 | D:10     | Killed Psyche
 13323 | D:11     | Noticed Erica
 13350 | D:11     | Killed Erica
 13366 | D:11     | Reached XP level 12. HP: 62/86 MP: 22/22
 14178 | D:11     | Noticed a two-headed ogre
 14187 | D:11     | Killed a two-headed ogre
 14680 | Lair:1   | Entered Level 1 of the Lair of Beasts
 14807 | Lair:1   | Noticed a six-headed hydra
 14825 | Lair:1   | Killed a 19-headed hydra
 15661 | Lair:1   | Reached skill level 10 in Fighting
 15855 | Lair:1   | HP: 4/87 [komodo dragon (7)]
 17633 | Lair:3   | Reached XP level 13. HP: 92/92 MP: 24/24
 18193 | Lair:3   | Reached skill level 10 in Invocations
 19250 | Lair:3   | Found a hole to the Spider Nest.
 19835 | Lair:4   | Identified a scroll of acquirement
 19835 | Lair:4   | Acquired 460 gold pieces
 19885 | Lair:4   | Found a staircase to the Shoals.
 20969 | Lair:4   | Acquired the +9 battleaxe "Killer Klown's Bane" {holy,
                  | rElec rN+ Int+4}
 21331 | Lair:5   | Reached XP level 14. HP: 99/99 MP: 22/26
 21522 | Lair:5   | Found a staircase to the Slime Pits.
 21539 | Lair:5   | Reached skill level 10 in Axes
 21539 | Lair:5   | Reached skill level 10 in Armour
 21646 | Lair:5   | Lost mutation: You are frail. (-10% HP) [potion of
                  | mutation]
 21646 | Lair:5   | Lost mutation: You tend to lose your temper in combat.
                  | [potion of mutation]
 21646 | Lair:5   | Gained mutation: You tend to lose your temper in combat.
                  | [potion of mutation]
 21646 | Lair:5   | Gained mutation: You have a pair of small horns on your
                  | head. [potion of mutation]
 21915 | Lair:6   | Entered Level 6 of the Lair of Beasts
 22235 | Lair:6   | Reached ****** piety under Lugonu
 22935 | Lair:6   | Identified the Tome of Destructive Dislocation
 23707 | Lair:6   | HP: 3/113 [poison (poison gas)]
 24594 | D:10     | Upgraded the game from 0.26-a0-451-gacbe401039 to
                  | 0.26-a0-466-g989023bd0d
 24831 | D:12     | Reached skill level 10 in Dodging
 24851 | D:12     | Got a scorched chain mail
 24878 | D:12     | Reached XP level 15. HP: 119/119 MP: 28/28
 25059 | D:12     | Found a flagged portal.
 25068 | Bailey   | Entered a bailey
 25528 | D:12     | Found a roughly hewn altar of Beogh.
 25528 | D:12     | Found a staircase to the Orcish Mines.
 25681 | D:12     | Identified the cursed +0 chain mail of the Thistle {+Fly
                  | rElec rC++ rN+} (You found it on level 12 of the Dungeon)
 25940 | D:12     | Found a stormy altar of Qazlal.
 26100 | D:12     | Found Pudd's Antique Armour Shoppe.
 26211 | D:13     | Found Ixteyrph's Assorted Antiques.
 26319 | D:13     | HP: 3/119 [cloud of flame (8)]
 26319 | D:13     | Killed from afar by a meliai

Illustrated notes

Levels and vault maps discovered:
D:1:      dpeg_arrival_concentric_ovals, layout_basic,
          ebering_dispersal_statue_hall, hex_tiny
D:2:      layout_loops_cross, lemuel_flame_loot_1, uniq_natasha
D:3:      layout_loops_ring, portal_sewer_entry_b
D:4:      layout_basic, uniq_pikel
D:5:      layout_cave_pods, serial_shops, nicolae_shop_statue_plus,
          uniq_prince_ribbit1, uniq_edmund
D:6:      gammafunk_wand_slinger, layout_cave_pools,
          nicolae_overflow_hidden_temple, minmay_temple_entry_slanted,
          nicolae_ossuary_entry_false_entrances
D:7:      layout_loops_cross
D:8:      layout_basic, minmay_checkerbox
D:9:      layout_basic, hangedman_fish_farm, uniq_harold
D:10:     layout_long_grid, minmay_lair_entry_grove, uniq_psyche
D:11:     layout_basic, uniq_erica
D:12:     minmay_open_boxes_in_corner, layout_grid_maze, david_orc_5,
          serial_shops, shop, enter_bailey_2, nicolae_qazlal_style_of_elements
D:13:     layout_big_octagon, erik_vaults_2, serial_shops,
          nicolae_shop_waterfront, zaba_anthell, uniq_azrael, uniq_kirke,
          uniq_rupert
Lair:1:   layout_long_grid, grunt_megastairs_2
Lair:2:   layout_regular_city, enter_volcano_1, st_stairs_4
Lair:3:   layout_loops_ring, nicolae_spider_entry_tight_spaces,
          minmay_shattered_shrine
Lair:4:   layout_roguey, shoals_dummy_entry, minmay_holes, worms_lemuel
Lair:5:   layout_roguey, minmay_slime_entry_pillars, infiniplex_staircase_pool
Lair:6:   guppyfry_lair_end_dragon, layout_regular_city, minmay_lair_oklob_items

Skill      XL: |  1  2  3  4  5  6  7  8  9 10 11 12 13 14 |
---------------+-------------------------------------------+-----
Short Blades   | 1 2 3 4 5 6 7 8 9 |  9.8
Long Blades    | 1 2 3 4 5 6 7 8 9 |  9.8
Maces & Flails | 1 2 3 4 5 6 7 8 9 |  9.8
Polearms       | 1 2 3 4 5 6 7 8 9 |  9.8
Staves         | 1 2 3 4 5 6 7 8 9 |  9.8
Slings         | 1 2 3 4 5 6 7 8 9 |  9.8
Bows           | 1 2 3 4 5 6 7 8 9 |  9.8
Crossbows      | 1 2 3 4 5 6 7 8 9 |  9.8
Throwing       | 1 2 3 4 5 6 7 8 9 |  9.8
Stealth        | 1 2 3 4 5 6 7 8 9 |  9.8
Shields        | 1 2 3 4 5 6 7 8 9 |  9.8
Unarmed Combat | 1 2 3 4 5 6 7 8 9 |  9.8
Spellcasting   | 1 2 3 4 5 6 7 8 9 |  9.8
Evocations     | 1 2 3 4 5 6 7 8 9 |  9.8
Dodging        | 3 4 5 6 7 8 9 10 | 10.1
Conjurations   | 1 2 3 4 5 6 7 8 |  8.2
Hexes          | 1 2 3 4 5 6 7 8 |  8.2
Summonings     | 1 2 3 4 5 6 7 8 |  8.2
Necromancy     | 1 2 3 4 5 6 7 8 |  8.2
Translocations | 1 2 3 4 5 6 7 8 |  8.2
Transmutations | 1 2 3 4 5 6 7 8 |  8.2
Fire Magic     | 1 2 3 4 5 6 7 8 |  8.2
Ice Magic      | 1 2 3 4 5 6 7 8 |  8.2
Air Magic      | 1 2 3 4 5 6 7 8 |  8.2
Earth Magic    | 1 2 3 4 5 6 7 8 |  8.2
Poison Magic   | 1 2 3 4 5 6 7 8 |  8.2
Invocations    | 5 6 7 8 9 10 11 | 11.5
Axes           | 5 6 7 8 9 10 | 10.8
Armour         | 5 6 7 8 9 10 | 10.8
Fighting       | 7 8 9 10 11 | 11.6

Action                   |  1- 3 |  4- 6 |  7- 9 | 10-12 | 13-15 || total
-------------------------+-------+-------+-------+-------+-------++-------
Melee: Hand axe          |    60 |   222 |   458 |   826 |  1137 ||  2703
       Bite              |     6 |    33 |    62 |   126 |   198 ||   425
       Punch             |       |     3 |     3 |       |       ||     6
       Unarmed           |       |       |       |    26 |       ||    26
       Headbutt          |       |       |       |       |   162 ||   162
Throw: Javelin           |       |       |       |     8 |       ||     8
       Boomerang         |       |       |       |     2 |       ||     2
 Cast: Animate Skeleton  |       |       |     7 |    20 |       ||    27
Invok: Depart the Abyss  |     1 |       |       |       |       ||     1
       Banish            |       |       |     3 |     7 |    10 ||    20
       Bend Space        |       |       |       |       |     1 ||     1
  Use: Scroll            |     4 |     9 |    15 |     8 |     9 ||    45
       Potion            |     1 |       |     8 |     8 |    11 ||    28
 Stab: Sleeping          |       |       |       |     3 |    11 ||    14
       Distracted        |       |       |       |       |     2 ||     2
Armor: Scale mail        |    41 |       |       |   264 |   476 ||   781
       Plate armour      |    12 |   194 |   247 |   155 |       ||   608
       Chain mail        |       |       |       |       |    31 ||    31
Dodge: Dodged            |    36 |    95 |   136 |   513 |   804 ||  1584
Block: Buckler           |       |       |    69 |   305 |   446 ||   820

Table legend: (Time is in decaauts)
 A = Elapsed time spent in this place.
 B = Non-inter-level travel time spent in this place.
 C = Inter-level travel time spent in this place.
 D = Time resting spent in this place.
 E = Time spent auto-exploring this place.
 F = Levels seen in this place.
 G = Mean time per level.
                   A        B        C        D        E       F      G
               +--------+--------+--------+--------+--------+-----+--------+
         Total |  26387 |  25794 |    593 |   6557 |  13144 |  23 | 1147.3 |
       Dungeon |  15915 |  15512 |    403 |   3795 |   8238 |  13 | 1224.2 |
          Lair |   9550 |   9360 |    190 |   2673 |   4487 |   6 | 1591.7 |
         Abyss |    272 |    272 |      0 |      0 |    141 |   2 |  136.0 |
       Ossuary |    519 |    519 |      0 |     88 |    277 |   1 |  519.0 |
        Bailey |    130 |    130 |      0 |      0 |      0 |   1 |  130.0 |
               +--------+--------+--------+--------+--------+-----+--------+

Top non-repeatable levels by time:
  Lair:6: 2586 daAuts
  Lair:3: 2270 daAuts
     D:8: 2089 daAuts
    D:10: 1816 daAuts
     D:9: 1662 daAuts
  Lair:1: 1638 daAuts
     D:4: 1584 daAuts
    D:12: 1402 daAuts
  Lair:4: 1322 daAuts
    D:11: 1292 daAuts
     D:7: 1201 daAuts
     D:3: 1142 daAuts
     D:2: 1058 daAuts
     D:5: 1036 daAuts
  Lair:2: 907 daAuts
